 Dungeon Crawl Stone Soup version 0.32-a0-171-g4625e66871 (webtiles) character file.

Game seed: 17693818636152525133

14 micatius the Ruffian (level 2, -1/29 HPs)
             Began as a Troll Berserker on Feb 12, 2024.
             Was a Follower of Trog.
             Succumbed to a kobold's poison
             ... on level 1 of the Dungeon.
             The game lasted 00:03:04 (346 turns).

micatius the Ruffian (Troll Berserker)               Turns: 346, Time: 00:03:04

Health: -1/29      AC:  4    Str: 24    XL:     2   Next: 31%
Magic:  1/1        EV: 10    Int:  3    God:    Trog [*.....]
Gold:   43         SH:  0    Dex:  9    Spells: 1/1 levels left

rFire   . .          .
                       - Unarmed
rCold   . . .        (no shield)
rNeg    . . .        a - +0 animal skin
rPois   .            (helmet restricted)
rElec   .            (no cloak)
rCorr   .            (gloves unavailable)
SInv    .            (boots unavailable)
Will    .....        (no amulet)
Stlth   +            (no ring)
HPRegen 1.04/turn    (no ring)
MPRegen 0.07/turn

%: no passive effects
@: mighty, lethally poisoned (-1 -> -6)
A: large, unfitting armour, claws 3, regeneration 1, shaggy fur 1, tough skin 1
a: Renounce Religion, Berserk


You were on level 1 of the Dungeon.
You worshipped Trog.
Trog was aware of your devotion.
You visited 1 branch of the dungeon, and saw 1 of its levels.

You collected 43 gold pieces.

Inventory:

Armour
 a - a +0 animal skin (worn)
 e - a +0 helmet
 g - a +0 ring mail
Scrolls
 c - a scroll of identify
 d - a scroll of acquirement
 f - a scroll of blinking {unknown}


   Skills:
 + Level 2.7 Fighting
 + Level 2.6 Dodging
 + Level 3.2 Unarmed Combat


You had one spell level left.
You didn't know any spells.
Your spell library was empty.

Dungeon Overview and Level Annotations

Branches:
Dungeon (1/15)

Altars:


Innate Abilities, Weirdness & Mutations

You are too large for most types of armour.
You have claws for hands.
Your natural rate of healing is unusually fast.
You are covered in fur. (AC +1)
You have tough skin. (AC +1)


Message History

The kobold throws a stone.
The stone hits you but does no damage.
You see here a scroll labelled NEHU IGHAOMN.
The kobold hits you with a +2 short sword of venom.
You are poisoned.
You feel very sick. The kobold hits you but does no damage.
You are more poisoned.
You scratch the kobold but do no damage.
You feel very sick. The kobold hits you but does no damage.
You closely miss the kobold.
You feel very sick. The kobold closely misses you.
You closely miss the kobold.
You feel very sick. The kobold closely misses you.
You closely miss the kobold.
You feel sick.
The kobold hits you with a +2 short sword of venom.
You are more poisoned.
You scratch the kobold but do no damage.
You feel very sick.
The kobold hits you with a +2 short sword of venom.
You are lethally poisoned!
You claw the kobold!
You kill the kobold!
Trog accepts your kill.
* * * LOW HITPOINT WARNING * * *
You feel very sick.
* * * LOW HITPOINT WARNING * * *
You feel very sick.
Things that are here:
a +2 short sword of venom; 5 stones; a kobold corpse It was a potion of might.
You feel very mighty all of a sudden.
* * * LOW HITPOINT WARNING * * *
You feel very sick.
As you read the scroll labelled NOV CAXIBB, it crumbles to dust.
It is a scroll of identify.
d - a scroll of acquirement You die...

## #. #. #. #.
########### #.
#.......?.# #.
#....@....# ##.
#..$......# ##..
#.........#########...
#.........#...........
#...........##########
######......# ##...#.#
# #.#...# # #...#.# #


There were no monsters in sight!

Vanquished Creatures
  A ball python (D:1)
  A bat (D:1)
  2 endoplasms (D:1)
  A giant cockroach (D:1)
  A goblin (D:1)
  2 hobgoblins (D:1)
  A kobold (D:1)
  4 rats (D:1)
13 creatures vanquished.

Notes
Turn   | Place    | Note
-------+----------+-------------------------------------------
     0 | D:1      | micatius the Troll Berserker began the quest for the Orb.
     0 | D:1      | Reached XP level 1. HP: 22/22 MP: 0/0
   154 | D:1      | Reached XP level 2. HP: 27/29 MP: 1/1
   345 | D:1      | HP: 1/29 [poisoned by a kobold]
   346 | D:1      | Identified a scroll of acquirement
   346 | D:1      | Succumbed to a kobold's poison

Illustrated notes

Levels and vault maps discovered:
D:1:      lightli_arrival_statue_moat, layout_rooms

Action                     || total
---------------------------++-------
  Melee: Unarmed           ||    39
         Punch             ||     2
    Use: Scroll            ||     1
         Potion            ||     1
 Armour: Animal skin       ||    32
  Dodge: Dodged            ||    28

Table legend: (Time is in decaauts)
 A = Elapsed time spent in this place.
 B = Non-inter-level travel time spent in this place.
 C = Inter-level travel time spent in this place.
 D = Time resting spent in this place.
 E = Time spent auto-exploring this place.
 F = Levels seen in this place.
 G = Mean time per level.
                   A        B        C        D        E       F      G
               +--------+--------+--------+--------+--------+-----+--------+
         Total |    344 |    344 |      0 |      0 |    155 |   1 |  344.0 |
       Dungeon |    344 |    344 |      0 |      0 |    155 |   1 |  344.0 |
               +--------+--------+--------+--------+--------+-----+--------+

Top non-repeatable levels by time:
     D:1: 344 daAuts
